Qualax, chaotic male elven Wizard --- |.. ... -..----- ...... --...-- |.....| --..)a%|---- |...@..%-..--- ---...-|.....| --...|.%...| ---- --........--- | | |..| --.............| |..- ---..| |..............- ...--....----^...--...---....| ...-..>.....|.-- -..| ..| -.......------ ..| --- ---<--.-- --- ------ Qualax the Thaumaturge Experience level: 8 Strength: 12 Dexterity: 15 Constitution: 13 Intelligence: 20 Wisdom: 11 Charisma: 10 Health: 0(40) Energy: 50(101) AC: 10 Gold: 189 Moves: 5538 Your Inventory: Coins $ - 189 gold pieces Weapons a - a blessed +1 quarterstaff (weapon in hands) L - 6 [uncursed +0] darts Armor b - an uncursed rotted +0 cloak of magic resistance (being worn) Z - a [cursed -4] hard hat [dwarvish iron helm] Comestibles C - an uncursed fortune cookie Y - 2 [uncursed] food rations Scrolls i - an uncursed scroll of enchant weapon j - an uncursed scroll of stinking cloud k - an uncursed scroll of confuse monster z - 3 blessed unlabeled scrolls [of blank paper] A - 4 cursed unlabeled scrolls [of blank paper] B - 7 uncursed unlabeled scrolls [of blank paper] I - a [cursed] scroll labeled DAIYEN FOOELS [of light] U - an [uncursed] scroll labeled VELOX NEB [of enchant armor] V - an [uncursed] scroll labeled VE FORBRYDERNE [of destroy armor] Potions J - an [uncursed] potion of full healing Rings d - an uncursed ring of searching (on right hand) e - an uncursed ring of free action (on left hand) Wands c - an uncursed wand of digging (0:4) v - an uncursed wand of light [0:14] K - an [uncursed] wand of sleep [0:2] O - an [uncursed] wand of digging [0:4] R - an [uncursed] wand of light [0:13] Tools n - an uncursed blindfold o - an uncursed tooled horn q - an [uncursed] looking glass [mirror] r - an uncursed bag of tricks [0:20] u - an [uncursed] bag called holding [of holding] E - an uncursed leash F - an [uncursed] magic whistle T - an [uncursed] brass lantern (lit) Gems x - 3 uncursed red gems [worthless glass] G - 3 uncursed green gems [worthless glass] H - an [uncursed] violet gem [worthless glass] M - 2 [uncursed] yellow gems [worthless glass] N - 2 [uncursed] yellowish brown gems [worthless glass] Q - an [uncursed] gray stone [flint] X - 2 [uncursed] white gems [worthless glass] Contents of the bag of holding: 530 gold pieces 17 uncursed [+0] arrows an [uncursed +0] thonged club [of telepathy (aklys)] an [uncursed] dark brown spellbook [of cure blindness] an uncursed spellbook of detect treasure an uncursed spellbook of drain life a blessed spellbook of force bolt a [blessed] ochre potion [of speed] an uncursed pink potion [of sleeping] an uncursed potion of booze an uncursed potion of full healing a [blessed] potion of paralysis an uncursed potion of see invisible an uncursed ruby potion [of levitation] a [cursed] squishy potion [of fruit juice] an [uncursed] wooden ring [of protection from shape changers] Spells known in the end: Name Level Category Fail Memory a - force bolt 1 attack 0% [||||||..] b - drain life 2 attack 0% [||||||..] c - detect treasure 4 divination 89% [||||||||] Your skills at the end: Fighting Skills Weapon Skills quarterstaff [Basic / Expert] Spellcasting Skills attack spells [Skilled / Expert] enchantment spells [Basic / Skilled] Final Attributes: You were piously aligned. Hunger level was 1040. Your alignment was 37 / 37. Monster difficulty range was 0 - 6. Level difficulty was 5. You were immune to sleep. You resisted poison. You were magic-protected. You saw invisible. You were telepathic. You had automatic searching. You had infravision. You had free action. Your luck was zero. You are dead. Vanquished creatures: a leprechaun a brown pudding a gold golem a dog a dingo a raven a plains centaur 5 human zombies 2 fire ants 3 rock piercers a pony a fog cloud 2 yellow lights 2 shriekers 4 gnome lords a kobold mummy a golden naga hatchling 2 elf zombies a straw golem 5 paper golems a wax golem 3 giant ants 2 little dogs 4 floating eyes 8 dwarves 3 rothes a rabid rat an orc zombie 2 dwarf zombies a wererat a werejackal an iguana an acid blob 3 hobbits 4 manes a hobgoblin 3 giant rats a green mold a red mold 25 gnomes 6 garter snakes a gnome zombie 4 geckos 4 jackals 3 foxes a kobold 2 goblins 3 sewer rats 5 grid bugs a bat 3 lichens 9 newts 146 creatures vanquished. Voluntary challenges: You used a wielded weapon 113 times. You read items or engraved 7 times. You put on armor 1 time. You never genocided any monsters. You never polymorphed an object. You never changed form. You used no wishes. You wrote Elbereth's name 2 times. You never encountered a bones level. You never used any Sokoban shortcuts. Dungeon overview: The Dungeons of Doom: levels 1 to 6 Level 1 some fountains a long staircase Level 2 a potion shop, a fountain stairs to The Gnomish Mines Level 3 a potion shop, a fountain Level 4 an altar to Anhur Level 5 a fountain Level 6 many fountains The Gnomish Mines: levels 3 to 5 Level 3 stairs to The Dungeons of Doom Level 4 (chest) Level 5 <- You were here History has recorded: On T:1 you entered the Dungeons of Doom to retrieve the Amulet of Yendor! On T:572 you reached level 2 of The Dungeons of Doom. On T:621 you advanced to experience level 2. On T:837 you advanced to experience level 3. On T:980 you reached level 3 of The Dungeons of Doom. On T:1106 you advanced to experience level 4. On T:1360 you reached level 4 of The Dungeons of Doom. On T:1835 you advanced to experience level 5. On T:2271 you reached level 5 of The Dungeons of Doom. On T:2274 you advanced to experience level 6. On T:2827 you reached level 6 of The Dungeons of Doom. On T:2961 you advanced to experience level 7. On T:3764 you reached level 1 of The Gnomish Mines. On T:3966 you advanced to experience level 8. On T:4577 you reached level 2 of The Gnomish Mines. On T:5494 you reached level 3 of The Gnomish Mines. Latest messages: The gnome is killed! [HP+1=27] You kill the gnome! You see here 3 darts. [HP+1=28] The gnome hits! [HP-3=25] You kill the gnome! You see here a gnome corpse. Y - a food ration. [HP+1=26] This gnome corpse tastes terrible! You stop eating the gnome corpse. You see here 3 darts. The soldier ant bites! The soldier ant stings! The soldier ant bites! The soldier ant stings! You die... Final status: Goodbye Qualax the Wizard... You died in The Gnomish Mines on dungeon level 5 with 926 points, and 719 pieces of gold, after 5538 moves. You were level 8 with a maximum of 40 hit points when you died.